Get step-by-step instructions on how to execute this build order below. Start the game timer, and the build order will tick by so you can play in parallel with StarCraft on a second screen or mobile device.

Game Time

  0:00

Last Step

  N/A

Next Step

Upcoming Step



Don't want to look back and forth between 2 screens? Try out our Overwolf App, the Spawning Tool Build Advisor to get an in-game overlay with this build!

Complete Build Order

  12  0:01  SCV  
  13  0:13  SCV  
  14  0:18  Supply Depot  
  14  0:25  SCV  
  15  0:39  SCV  
  15  0:40  Refinery  
  16  0:45  Barracks  
  16  0:51  SCV  
  17  1:03  SCV  
  18  1:15  SCV  
  19  1:35  Reaper  
  19  1:39  Orbital Command  
  20  2:00  Command Center  
  20  2:03  Factory  
  20  2:11  Refinery, SCV  
  21  2:21  Barracks  
  21  2:23  Barracks Reactor  
  21  2:30  Supply Depot  
  21  2:48  SCV  
  22  3:03  SCV  
  22  3:04  Factory Tech Lab  
  22  3:05  Marine x2  
  25  3:12  Barracks Tech Lab  
  25  3:18  Barracks  
  25  3:21  Barracks  
  25  3:23  SCV  
  25  3:26  Starport  
  26  3:32  Orbital Command  
  26  3:36  SCV  
  27  3:44  Siege Tank  
  27  3:47  Marine  
  27  3:48  Marine  
  32  4:00  Supply Depot  
  32  4:01  SCV x2  
  34  4:12  Medivac  
  34  4:15  SCV x2  
  38  4:21  Refinery  
  38  4:27  SCV, Marine  
  38  4:28  Marine  
  41  4:31  Barracks Reactor  
  41  4:32  Barracks Reactor  
  43  4:38  Widow Mine  
  43  4:41  Marine  
  44  4:48  Marine x2  
  44  4:50  SCV x2  
  48  4:53  Stimpack  
  47  5:20  SCV  
  47  5:21  SCV  
  49  5:23  Marine x3  
  49  5:24  Marine x2  
  49  5:27  Starport Reactor  
  54  5:33  Supply Depot  
  54  5:35  Supply Depot  
  54  5:36  Marine  
  54  5:54  Marine x5  
  54  5:56  SCV x2, Liberator  
  61  5:58  Supply Depot  
  61  6:07  Command Center  
  61  6:10  Marine  
  62  6:13  Medivac  
  62  6:15  SCV  
  62  6:16  SCV  
  64  6:50  Marine x3, Liberator  
  64  6:51  Marine x3  
  70  6:56  Siege Tank  
  73  7:07  Medivac  
  78  7:14  Supply Depot  
  78  7:18  SCV x2, Marine  
  78  7:59  Marine x4  
  78  8:00  Marine x2  
  78  8:01  Marauder  
  81  8:07  Orbital Command  
  81  8:12  Liberator  
  81  8:25  Marine  
  81  8:26  Marine x5  
  81  8:27  Marine  
  87  8:28  Siege Tank  
  87  8:29  Medivac  
  87  8:34  SCV x2  
  98  8:43  Marine  
  98  8:46  Command Center  
  99  8:48  Marine  
  99  8:49  Marine x5  
  105  8:59  Medivac  
  105  9:01  Marine  
  108  9:06  Starport x2, Marine  
  108  9:08  Starport  
  109  9:17  Refinery x2  
  109  9:19  Liberator  
  109  9:22  Refinery  
  109  9:32  Supply Depot  
  109  9:33  Supply Depot x2  
  109  9:48  Starport Tech Lab x2  
  109  9:49  Starport Tech Lab  
  109  9:52  Fusion Core  
  109  9:53  SCV x2, Marine x5  
  109  9:54  Siege Tank, SCV  
  109  9:56  Marine  
  121  10:12  SCV x2  
  123  10:26  Marine x5  
  123  10:27  Marine x2  
  130  10:31  Widow Mine  
  129  10:51  SCV x2  
  137  10:57  Battlecruiser  
  137  10:59  Battlecruiser  
  143  11:24  Bunker  
  143  11:27  Engineering Bay  
  143  11:32  Armory  
  143  11:34  Engineering Bay, SCV x3  
  146  11:48  Marine x2  
  146  11:49  Combat Shield  
  146  11:52  Weapon Refit  
  148  12:02  Supply Depot x2  
  148  12:03  Supply Depot  
  148  12:14  Terran Infantry Weapons Level 1  
  148  12:15  Terran Infantry Armor Level 1  
  148  12:23  Marine x2, Battlecruiser  
  148  12:24  Battlecruiser  
  148  12:26  Planetary Fortress  
  148  12:28  SCV x3  
  165  12:48  Refinery  
  165  12:49  SCV x2  
  165  12:50  SCV  
  168  12:52  Marine x2  
  168  12:53  Marine x2  
  172  13:26  Marine x2  
  172  13:27  SCV x2  
  172  13:28  Siege Tank  
  172  13:30  Battlecruiser  
  157  13:51  SCV  
  157  13:52  SCV  
  159  13:58  Battlecruiser x2  
  171  14:05  SCV  
  172  14:23  SCV x3, Marine x5  
  180  14:24  Siege Tank, Marine x2  
  180  14:25  Supply Depot  
  180  14:26  SCV  
  186  14:42  Battlecruiser  
  192  14:47  Refinery  
  192  14:52  SCV x2  
  194  15:00  Terran Vehicle Weapons Level 1  
  194  15:02  Battlecruiser  
  200  15:12  Armory  
  182  16:11  Marine x2  
  182  16:12  Marine  
  182  16:15  Marine x2  
  182  16:16  Marine x2  
  191  16:29  Marine x3  
  191  16:30  Orbital Command  
  191  16:32  Orbital Command  
  194  16:33  Marine x3